 Dungeon Crawl Stone Soup version 0.18.1-50-g88ac8fd (webtiles) character file.

2653 Nordron the Transmogrifier (level 9, -6/58 HPs)
             Began as an Octopode Transmuter on Oct 2, 2016.
             Was a Believer of Cheibriados.
             Mangled by Wanze's ghost (17 damage)
             ... on level 7 of the Dungeon.
             The game lasted 00:36:47 (8231 turns).

Nordron the Transmogrifier (Octopode Transmuter)    Turns: 8231, Time: 00:36:47

Health: -6/58      AC:  1    Str: 14    XL:     9   Next: 62%
Magic:  9/14       EV: 15    Int: 19    God:    Cheibriados [**....]
Gold:   355        SH:  0    Dex: 19    Spells: 4 memorised, 2 levels left

rFire  . . .     SeeInvis .       - Unarmed
rCold  . . .     Gourm    .     (shield currently unavailable)
rNeg   . . .     Faith    .     (helmet restricted)
rPois  .         Spirit   .     (no amulet)
rElec  .         Dismiss  .     r - +6 ring of slaying
rCorr  .         Reflect  .     (no ring)
SustAt .         Harm     .     (no ring)
MR     .....                    (no ring)
Stlth  +++.......               (no ring)
                                (no ring)
                                (no ring)
                                (no ring)

@: blade tentacles, very slow, not resistant to hostile enchantments, fairly
stealthy
A: almost no armour, amphibious, 8 rings, constrict 8, camouflage 1, gelatinous
body 1
a: End Transformation, Bend Time, Renounce Religion


You were on level 7 of the Dungeon.
You worshipped Cheibriados.
Cheibriados was pleased with you.
You were not hungry.
You had blades for tentacles.
You visited 2 branches of the dungeon, and saw 8 of its levels.

You collected 355 gold pieces.

Inventory:

Hand Weapons
 C - a +0 whip of pain
 F - a +2 flail of crushing
Missiles
 a - 71 arrows
Magical Staves
 I - an uncursed staff of poison {unknown}
Jewellery
 r - a +6 ring of slaying (left scythe-like blade)
Wands
 n - a wand of lightning (9/15)
 E - a wand of slowing (22/48)
 K - a wand of lightning (6/15)
 L - a wand of confusion (29/48)
Scrolls
 d - 7 scrolls of identify {unknown}
 h - a scroll of fog {unknown}
 i - 2 scrolls of enchant armour {unknown}
 k - a scroll of amnesia {unknown}
 l - a scroll of recharging {unknown}
 m - a scroll of noise {unknown}
 s - 4 scrolls of magic mapping {unknown}
 t - 2 scrolls of enchant weapon {unknown}
 w - 3 scrolls of remove curse {unknown}
 x - a scroll of teleportation {unknown}
 y - a scroll of blinking {unknown}
 H - a scroll of random uselessness {unknown}
Potions
 e - 4 potions of heal wounds {unknown}
 f - a potion of mutation {unknown}
 g - a potion of berserk rage {unknown}
 j - 2 potions of cure mutation {unknown}
 o - 2 potions of curing {unknown}
 p - 2 potions of haste {unknown}
 q - a potion of resistance {unknown}
 A - a potion of agility {unknown}
 B - 2 potions of might {unknown}
 G - a potion of brilliance {unknown}
Books
 b - a book of Changes

   Spells                             Type                      Level
   a - Beastly Appendage              Transmutation                1
   b - Sticks to Snakes               Transmutation                2
   c - Spider Form                    Transmutation/Poison         3
   d - Ice Form                       Ice/Transmutation            4
   e - Blade Hands                    Transmutation                5
 D - a book of Geomancy

   Spells                             Type                      Level
   a - Sandblast                      Earth                        1
   b - Passwall                       Transmutation/Earth          2
   c - Stone Arrow                    Conjuration/Earth            3
   d - Petrify                        Transmutation/Earth          4
   e - Lee's Rapid Deconstruction     Earth                        5
Comestibles
 c - 5 bread rations
 u - 3 meat rations
 v - a beef jerky
 z - a fruit
 J - 9 chunks of flesh


   Skills:
 + Level 4.2 Fighting
 + Level 4.2 Dodging
 + Level 0.8 Stealth
 + Level 4.7 Unarmed Combat
 * Level 3.4 Spellcasting
 + Level 10.2 Transmutations
 + Level 2.1 Invocations


You had 2 spell levels left.
You knew the following spells:

 Your Spells              Type           Power        Failure   Level  Hunger
a - Beastly Appendage     Trmt           #####.       10%         1    None
b - Spider Form           Trmt/Pois      ###.......   36%         3    ###....
c - Blade Hands           Trmt           #####.....   41%         5    ######.
d - Stone Arrow           Conj/Erth      #.....       88%         3    ###....


Dungeon Overview and Level Annotations

Branches:
Dungeon (7/15)             Temple (1/1) D:6

Altars:
Ashenzari
Cheibriados
Dithmenos
Elyvilon
Fedhas
Gozag
Kikubaaqudgha
Makhleb
Nemelex Xobeh
Okawaru
Pakellas
Qazlal
Ru
Sif Muna
Trog
Vehumet
Xom
Yredelemnul
Zin
The Shining One

Shops:
D:4 [

Annotations:
D:7 Wanze's ghost, novice DsGl


Innate Abilities, Weirdness & Mutations

You cannot wear most types of armour.
You are amphibious.
You can wear up to eight rings at the same time.
You can use your tentacles to constrict eight enemies at once.
Your skin changes colour to match your surroundings (Stealth).
Your rubbery body absorbs attacks (AC +1).


Message History

There is an open door here.
You see here 22 stones.
HP restored.
Wanze's ghost turns its malevolent gaze towards you.
Casting: Beastly Appendage
Confirm with . or Enter, or press ? or * to list all spells.
Your tentacles turn into razor-sharp scythe blades.
Wanze's ghost hits you!
You are electrocuted!
You slash Wanze's ghost! You slash Wanze's ghost.
You squeeze Wanze's ghost, but do no damage.
Wanze's ghost is moderately damaged.
Wanze's ghost says, "Ah, a second chance to prove myself in battle!"
Wanze's ghost hits you!
* * * LOW HITPOINT WARNING * * *
Cheibriados protects you from inadvertent hurry.
You hit Wanze's ghost.
You squeeze Wanze's ghost, but do no damage.
Wanze's ghost is moderately damaged.
Wanze's ghost hits you!
You die...

#.....)..# ##. ###...####
#. #.### #. #.# ##' #.#
##.. #.#### ##...
##.##.### ##....
..########.......###...).
........@W.#...#..('.....
..########.......###.....
#####..## ##.... ##.#
##... #.# ##.. #.# ##'
#.# #. ... ###. #.# #...


You could see Wanze's ghost.

Vanquished Creatures
  The ghost of Nordron the Changer, a novice OpTm (D:4)
  Sigmund (D:4)
  2 hungry ghosts (D:7)
  A hippogriff (D:7)
  Menkaure (D:4)
  An ice beast (D:5)
  An orc warrior (D:6)
  A phantom (D:4)
  An ogre (D:5)
  A centaur (D:7)
  2 giant frogs (D:6)
  2 scorpions (D:7)
  3 crimson imps
  A centaur zombie (D:7)
  A jelly (D:5)
  2 giant frog skeletons
  4 orc priests
  6 orc wizards
  2 iguanas
  8 worker ants
  A hound zombie (D:7)
  A hound skeleton (D:5)
  A howler monkey zombie (D:5)
  4 gnolls
  8 adders
  A shadow imp (D:5)
  An ooze (D:5)
  4 worms
  4 dart slugs
  7 giant geckos
  40 orcs
  6 giant cockroaches
  14 goblins
  8 hobgoblins
  11 jackals
  6 kobolds
  2 quokkas
  A ball python (D:1)
  6 bats
  A giant gecko skeleton (D:4)
  6 giant newts
  A quokka skeleton (D:6)
  4 rats
180 creatures vanquished.

Notes
Turn   | Place    | Note
--------------------------------------------------------------
     0 | D:1      | Nordron the Octopode Transmuter began the quest for the Orb.
     0 | D:1      | Reached XP level 1. HP: 13/13 MP: 3/3
    79 | D:1      | Reached XP level 2. HP: 4/18 MP: 3/5
   333 | D:1      | Reached skill level 3 in Transmutations
   683 | D:1      | Reached XP level 3. HP: 19/23 MP: 4/6
  1162 | D:2      | Reached skill level 4 in Transmutations
  1626 | D:2      | Reached XP level 4. HP: 11/28 MP: 4/7
  2415 | D:2      | Learned a level 3 spell: Spider Form
  2749 | D:3      | Reached skill level 5 in Transmutations
  2749 | D:3      | Reached XP level 5. HP: 26/33 MP: 6/8
  3757 | D:4      | Reached skill level 6 in Transmutations
  3781 | D:4      | Reached XP level 6. HP: 38/38 MP: 7/9
  3878 | D:4      | Noticed Menkaure
  3878 | D:4      | Noticed Nordron's ghost (novice OpTm)
  3912 | D:3      | HP: 1/38 [quokka (5)]
  4271 | D:4      | Learned a level 5 spell: Blade Hands
  4307 | D:4      | Found Receahol's Armour Shop.
  4332 | D:4      | Noticed Sigmund
  4355 | D:4      | Killed Sigmund
  4355 | D:4      | Reached skill level 7 in Transmutations
  4355 | D:4      | Reached XP level 7. HP: 43/43 MP: 6/10
  4683 | D:4      | Reached skill level 8 in Transmutations
  4951 | D:4      | Killed Nordron's ghost
  4970 | D:4      | Reached XP level 8. HP: 7/48 MP: 7/11
  5349 | D:4      | Killed Menkaure
  5349 | D:4      | Reached skill level 9 in Transmutations
  5368 | D:5      | Entered Level 5 of the Dungeon
  6270 | D:5      | Found a radiant altar of Vehumet.
  6376 | D:5      | Found an ancient bone altar of Kikubaaqudgha.
  6401 | D:5      | Found a shattered altar of Ashenzari.
  6784 | D:6      | Reached XP level 9. HP: 54/57 MP: 13/13
  6800 | D:6      | Found a staircase to the Ecumenical Temple.
  6816 | Temple   | Entered the Ecumenical Temple
  6830 | Temple   | Became a worshipper of Cheibriados the Contemplative
  7100 | D:6      | Learned a level 3 spell: Stone Arrow
  7293 | D:6      | Reached * piety under Cheibriados
  7452 | D:7      | Reached skill level 10 in Transmutations
  7524 | D:7      | Reached skill level 1 in Invocations
  7806 | D:7      | Found an oddly glowing altar of Pakellas.
  7821 | D:7      | Reached ** piety under Cheibriados
  8009 | D:7      | Noticed Wanze's ghost (novice DsGl)
  8231 | D:7      | Mangled by Wanze's ghost

Skill      XL: |  1  2  3  4  5  6  7  8  9 |
---------------+----------------------------+-----
Transmutations | 3 4 5 6 7 8 9 10 | 10.2
Fighting       | 3 4 |  4.2
Dodging        | 3 4 |  4.2
Unarmed Combat | 4 |  4.7
Spellcasting   | 3 |  3.4
Invocations    | 2 |  2.1
Stealth        | |  0.8

Action                   |  1- 3 |  4- 6 |  7- 9 || total
-------------------------+-------+-------+-------++-------
Melee: Unarmed           |   114 |   102 |   202 ||   418
       Constrict         |    25 |    36 |    53 ||   114
       Kick              |    31 |    21 |    60 ||   112
       Tentacles         |    15 |    20 |    39 ||    74
       Punch             |     1 |     1 |     4 ||     6
 Cast: Beastly Appendage |    25 |    26 |    40 ||    91
       Spider Form       |       |     1 |     2 ||     3
       Blade Hands       |       |       |     3 ||     3
 Stab: Sleeping          |     3 |     2 |     8 ||    13
       Distracted        |       |       |     2 ||     2
  Eat: Chunk             |     3 |     9 |    13 ||    25
       Pizza             |       |       |     1 ||     1
Armor: Skin              |    13 |     3 |     5 ||    21
Dodge: Dodged            |    67 |    50 |    93 ||   210
